Map: Frozen Temple

Players

Gracz - Winner!

  • Race: Zerg Zerg
  • League: Silver

kenshiro

  • Race: Terran Terran

VOD

Have the link to the VOD?

Description

Time

  • Played on: Oct. 7, 2016, 6:18 p.m.
  • Length: 4:56
Show
View Real Time Build Order
Export as new Build Order

Gracz Zerg - Winner!

Build Orders: Pool First 

Get SALT Encoding   

  12  0:03  Drone  
  13  0:23  Drone  
  13  0:25  Overlord  
  14  0:29  Extractor  
  13  0:37  Drone  
  14  0:43  Spawning Pool  
  13  0:59  Drone x3  
  16  1:21  Drone x2  
  18  1:36  Hatchery  
  17  1:45  Zergling x4  
  19  2:02  Drone  
  19  2:07  Zergling x2  
  21  2:24  Overlord  
  21  2:42  Queen  
  22  2:58  Spine Crawler  
  21  3:10  Queen  
  21  3:11  Zergling x4  
  21  3:12  Zergling x2  
  23  3:45  Zergling x4  
  23  3:46  Zergling x2  
  24  4:37  Zergling x6  
Show
View Real Time Build Order
Export as new Build Order

kenshiro Terran 

Build Orders:  

Get SALT Encoding   

  12  0:07  SCV  
  13  0:14  Supply Depot  
  13  0:22  Refinery  
  13  0:26  SCV  
  14  0:43  Barracks  
  14  0:44  SCV  
  15  0:56  SCV  
  16  1:06  Refinery  
  16  1:16  Supply Depot  
  16  1:32  Factory  
  16  1:36  Marine  
  17  1:50  Orbital Command  
  17  1:54  Marine  
  18  2:19  Barracks  
  18  2:28  SCV  
  19  2:30  Factory Tech Lab  
  19  2:32  Marine  
  20  2:40  SCV  
  19  2:49  Siege Tank  
  22  2:54  SCV  
  22  3:08  Marine x2  
  24  3:38  Siege Tank  
  21  3:46  Marine  
  22  3:48  Marine  
  20  4:06  Marine  
  16  4:24  Marine  
Tags
 
Add a new tag
Caveats
  • Supply blocks, unpowered buildings, or Contaminate may cause inaccurate times.
  • Supply counts are checked every 10 seconds.